 Dungeon Sprint DCSS version 0.30-a0-930-gb9d0489357 (webtiles) character file.

Game seed: 3228692273657593921

50316 testman the Conqueror (level 14, -10/149 (168) HPs)
             Began as a Minotaur Fighter on Mar 23, 2023.
             Was a High Priest of Uskayaw.
             Killed from afar by a tengu reaver (39 damage)
             ... with a bolt of negative energy
             ... in the Dungeon (Sprint IX: "|||||||||||||||||||||||||||||").
             The game lasted 00:28:45 (3553 turns).

testman the Conqueror (Minotaur Fighter)            Turns: 3553, Time: 00:28:46

HP:   -10/149 (168) AC: 27    Str: 25    XL:     14   Next: 19%
MP:   16/25         EV: 11    Int:  5    God:    Uskayaw [*****.]
Gold: 1331          SH:  4    Dex: 11    Spells: 13/13 levels left

rFire   . . .      SeeInvis .    E - +1 demon whip (venom)
rCold   . . .      Faith    +    c - +0 buckler
rNeg    . . .      Spirit   .    D - +2 plate armour {Will+}
rPois   +          Reflect  .    (helmet restricted)
rElec   .          Rampage  +    n - +1 cloak
rCorr   .          NoTele   +    F - +1 pair of gloves
Will    ++...                    b - +1 pair of boots {rampage} Stlth
                                 y - amulet of faith
HPRegen 0.44/turn                o - ring of poison resistance
MPRegen 0.19/turn                r - +2 ring of protection

@: heavily drained
A: horns 2, retaliatory headbutt
a: Renounce Religion, Stomp, Line Pass, Grand Finale


You were in the Dungeon.
You worshipped Uskayaw.
Uskayaw was most pleased with you.
You visited 1 branch You collected 1930 gold pieces.
You spent 599 gold pieces at shops.

Inventory:

Hand Weapons
 E - a +1 demon whip of venom (weapon)
Missiles
 z - a boomerang
 C - 2 javelins (quivered)
Armour
 b - a +1 pair of boots of rampaging (worn)
 c - a +0 buckler (worn)
 n - a +1 cloak (worn)
 D - a +2 plate armour of willpower (worn)
 F - a +1 pair of gloves (worn)
Jewellery
 a - a ring of ice
 o - a ring of poison resistance (left hand)
 q - a +3 ring of intelligence
 r - a +2 ring of protection (right hand)
 u - a ring of ice
 y - an amulet of faith (around neck)
Wands
 l - a wand of iceblast (10)
 m - a wand of polymorph (7)
 A - a wand of flame (12)
Scrolls
 j - 4 scrolls of blinking
 k - 2 scrolls of amnesia
 v - 3 scrolls of fear
 x - 4 scrolls of fog
Potions
 d - 3 potions of might
 e - 5 potions of curing
 f - 5 potions of heal wounds
 g - 2 potions of haste
 h - 5 potions of magic
 i - a potion of invisibility
 p - a potion of cancellation
 s - a potion of brilliance
 t - a potion of mutation
 w - a potion of ambrosia {unknown}
 B - a potion of lignification


   Skills:
 O Level 27 Fighting
 + Level 26.9 Maces & Flails
 + Level 6.9 Throwing
 + Level 12.8 Armour
 + Level 11.3 Dodging
 + Level 4.0 Shields
 + Level 16.8 Invocations
 + Level 0.0 Evocations


You had 13 spell levels left.
You didn't know any spells.
Your spell library contained the following spells:

 Spells                   Type           Power      Damage    Failure   Level
 Magic Dart               Conj           0%         1d3       99%         1
 Call Imp                 Summ           0%         N/A       100%        2
 Mephitic Cloud           Conj/Pois/Air  0%         N/A       100%        3


Dungeon Overview and Level Annotations

Branches:
Dungeon (1/1)

Altars:
Cheibriados
Dithmenos
Elyvilon
Fedhas
Gozag
Hepliaklqana
Kikubaaqudgha
Makhleb
Nemelex Xobeh
Okawaru
Qazlal
Ru
Sif Muna
Trog
Uskayaw
Vehumet
Wu Jian
Xom
Yredelemnul
Zin
The Shining One
Jiyva
Lugonu

Shops:
D ([[*


Innate Abilities, Weirdness & Mutations

You have a pair of horns on your head.
You reflexively headbutt those who attack you in melee.


Message History

Things that are here:
+0 fire dragon scales; a fire dragon corpse You feel much better.
The ettin simulacrum seems less confused.
The deep troll earth mage simulacrum seems less confused.
The tengu reaver gestures at you while chanting.
The bolt of poison hits the deep troll earth mage simulacrum.
The deep troll earth mage simulacrum completely resists.
The bolt of poison hits the ettin simulacrum.
The ettin simulacrum completely resists.
The bolt of poison hits you. You resist.
* * * LOW HITPOINT WARNING * * *
You block the ettin simulacrum's attack.
The ettin simulacrum hits you but does no damage.
You can no longer merge with and destroy a victim.
You feel much better.
You whack the ettin simulacrum! You headbutt the ettin simulacrum.
The ettin simulacrum is almost destroyed.
The ettin simulacrum hits you but does no damage. x2
You whack the ettin simulacrum!
The ettin simulacrum vaporises!
The tengu reaver's soul is no longer bound.
The tengu reaver gestures at you while chanting.
The bolt of negative energy hits the deep troll earth mage simulacrum.
The deep troll earth mage simulacrum completely resists.
The bolt of negative energy hits you!!
You feel drained.
* * * LOW HITPOINT WARNING * * *
You can now merge with and destroy a victim.
You thrash the deep troll earth mage simulacrum!!
The deep troll earth mage simulacrum is severely damaged.
You barely miss the deep troll earth mage simulacrum.
You headbutt the deep troll earth mage simulacrum.
The deep troll earth mage simulacrum is severely damaged.
The necromancer gestures wildly while chanting.
The necromancer binds the souls of nearby monsters.
The tengu reaver points at you and mumbles some strange words.
The bolt of negative energy hits the deep troll earth mage simulacrum.
The deep troll earth mage simulacrum completely resists.
The bolt of negative energy hits you!!!
You feel drained.
You die...

......'......))))))).[[[[[[[[....
▓▓▓▓▓▓▓▓▓▓▓▓▓▓▓▓▓▓▓▓▓▓▓▓▓▓▓▓▓▓▓▓▓
................................)
▓▓▓▓▓▓▓▓▓▓▓▓▓▓▓▓▓▓▓▓▓▓▓▓▓▓▓▓▓▓▓▓♣
............')†).)†.).'..†.†....'
▓▓▓▓▓▓▓▓▓▓▓▓▓▓▓▓▓▓▓▓▓▓▓▓▓▓▓▓▓▓▓▓♣
...............................))
▓▓▓▓▓▓▓▓▓▓▓▓▓▓▓▓▓▓▓▓▓▓▓▓▓▓▓▓▓▓▓▓▓
..............[.@Z)QpTC..uuC
▓▓▓▓▓▓▓▓▓▓▓▓▓▓▓▓▓▓▓▓▓▓▓▓▓▓▓▓


You could see a fire giant (soul bound), a tengu reaver (soul bound, very
poisoned), a deep troll earth mage (soul bound), a necromancer and a deep troll
earth mage simulacrum.

Vanquished Creatures
  Saint Roka (D)
  Rupert (D)
  A nagaraja (D)
  Aizul (D)
  2 emperor scorpions (D)
  A stone giant (D)
  Nessos (D)
  An eleionoma (D)
  A bunyip (D)
  2 fire dragons (D)
  3 ettins (D)
  Josephine (D)
  A merfolk impaler (D)
  A rakshasa (D)
  An ice dragon (D)
  2 salamander tyrants (D)
  A spriggan air mage (D)
  2 hydras (D)
  An anaconda (D)
  Erolcha (D)
  2 centaur warriors (D)
  3 deep troll earth magi (D)
  An orc high priest (D)
  A tengu warrior (D)
  A spriggan berserker (D)
  2 naga sharpshooters (D)
  Urug (D)
  A skeletal warrior (D)
  A pharaoh ant (D)
  A glowing orange brain (D)
  A goliath frog (D)
  A spriggan druid (D)
  A flayed ghost (D)
  2 sea snakes (D)
  A swamp dragon (D)
  A lindwurm (D)
  A wolf spider (D)
  2 orc knights (D)
  3 manticores (D)
  9 orc sorcerers (D)
  An ugly thing (D)
  2 will-o-the-wisps (D)
  2 cyclopes (D)
  A moth of wrath (D)
  2 demonic crawlers (D)
  A naga mage (D)
  4 black mambas (D)
  A merfolk siren (D)
  4 komodo dragons (D)
  5 cane toads (D)
  4 tyrant leeches (D)
  A troll (D)
  A tarantella (D)
  A blink frog (D)
  A tarantella (shapeshifter) (D)
  A snapping turtle (D)
  A jumping spider (D)
  2 water elementals (D)
  A shadow (D)
  A culicivora (D)
  Eustachio (D)
  4 wraiths (D)
  Grum (D)
  A steam dragon (D)
  A vampire mosquito (D)
  A warg (D)
  An acid dragon (D)
  3 water moccasins (D)
  9 orc warriors (D)
  An ogre (D)
  A black bear (D)
  4 wolves (D)
  2 bullfrogs (D)
  A scorpion (D)
  A killer bee (D)
  3 orc priests (D)
  An iguana (D)
  9 orc wizards (D)
  An adder (D)
  4 worms (D)
  12 orcs (D)
  An endoplasm (D)
  A hobgoblin (D)
  A kobold (D)
  A frilled lizard (D)
  A rat (D)
166 creatures vanquished.

Vanquished Creatures (others)
  A foxfire (D)
1 creature vanquished.

Grand Total: 167 creatures vanquished

Notes
Turn   | Place    | Note
-------+----------+-------------------------------------------
     0 | D        | testman the Minotaur Fighter began the quest for the Orb.
     0 | D        | Reached XP level 1. HP: 19/19 MP: 0/0
     9 | D        | Reached skill level 4 in Fighting
    21 | D        | Noticed a scorpion
    21 | D        | Noticed an iguana
    21 | D        | Noticed an ogre
    33 | D        | Killed a scorpion
    34 | D        | Reached skill level 7 in Fighting
    34 | D        | Reached XP level 2. HP: 31/34 MP: 1/1
    34 | D        | Reached XP level 3. HP: 35/39 MP: 2/2
    37 | D        | Reached skill level 8 in Fighting
    37 | D        | Reached XP level 4. HP: 45/48 MP: 3/3
    40 | D        | Killed an ogre
    41 | D        | Reached skill level 9 in Fighting
    41 | D        | Reached XP level 5. HP: 32/58 MP: 4/4
    42 | D        | Reached skill level 10 in Fighting
   159 | D        | Found a snail-covered altar of Cheibriados.
   159 | D        | Found a shadowy altar of Dithmenos.
   159 | D        | Found a white marble altar of Elyvilon.
   159 | D        | Found a blossoming altar of Fedhas.
   159 | D        | Found an opulent altar of Gozag.
   160 | D        | Found a hazy altar of Hepliaklqana.
   161 | D        | Found a viscous altar of Jiyva.
   162 | D        | Found an ancient bone altar of Kikubaaqudgha.
   163 | D        | Found a corrupted altar of Lugonu.
   164 | D        | Found a burning altar of Makhleb.
   165 | D        | Found a sparkling altar of Nemelex Xobeh.
   166 | D        | Found an iron altar of Okawaru.
   167 | D        | Found a stormy altar of Qazlal.
   168 | D        | Found a sacrificial altar of Ru.
   169 | D        | Found a shimmering blue altar of Sif Muna.
   170 | D        | Found a bloodstained altar of Trog.
   171 | D        | Found a hide-covered altar of Uskayaw.
   172 | D        | Found a radiant altar of Vehumet.
   173 | D        | Found an ornate altar of the Wu Jian Council.
   174 | D        | Found a shimmering altar of Xom.
   175 | D        | Found a basalt altar of Yredelemnul.
   176 | D        | Found a glowing silver altar of Zin.
   177 | D        | Found a glowing golden altar of the Shining One.
   179 | D        | Became a worshipper of Uskayaw the Reveller
   225 | D        | Noticed a steam dragon
   225 | D        | Noticed an acid dragon
   225 | D        | Noticed a shadow
   225 | D        | Noticed an orc warrior
   225 | D        | Noticed a troll
   227 | D        | Reached * piety under Uskayaw
   228 | D        | Killed a steam dragon
   228 | D        | Reached ** piety under Uskayaw
   229 | D        | Reached skill level 11 in Fighting
   229 | D        | Reached XP level 6. HP: 36/68 MP: 5/5
   231 | D        | Reached *** piety under Uskayaw
   233 | D        | Killed an acid dragon
   234 | D        | Reached skill level 12 in Fighting
   236 | D        | Reached **** piety under Uskayaw
   238 | D        | Killed a shadow
   239 | D        | Reached skill level 13 in Fighting
   239 | D        | Reached XP level 7. HP: 33/79 MP: 6/6
   241 | D        | Reached ***** piety under Uskayaw
   245 | D        | Killed a troll
   246 | D        | Reached skill level 14 in Fighting
   246 | D        | Reached ****** piety under Uskayaw
   413 | D        | Noticed a komodo dragon
   413 | D        | Noticed a vampire mosquito
   413 | D        | Noticed a centaur warrior
   413 | D        | Noticed a skeletal warrior
   413 | D        | Noticed a wraith
   413 | D        | Noticed a tengu warrior
   416 | D        | Killed a komodo dragon
   417 | D        | Reached skill level 15 in Fighting
   417 | D        | Reached skill level 15 in Maces & Flails
   417 | D        | Reached XP level 8. HP: 70/91 MP: 7/7
   420 | D        | Killed a centaur warrior
   421 | D        | Reached skill level 16 in Fighting
   422 | D        | Reached skill level 17 in Fighting
   422 | D        | Reached XP level 9. HP: 77/102 MP: 8/8
   422 | D        | Killed a skeletal warrior
   423 | D        | Reached skill level 18 in Fighting
   426 | D        | Killed a tengu warrior
   628 | D        | Noticed a cane toad
   628 | D        | Noticed a komodo dragon
   628 | D        | Noticed a cane toad
   632 | D        | Killed a cane toad
   636 | D        | Killed a komodo dragon
   637 | D        | Reached skill level 19 in Fighting
   639 | D        | Killed a cane toad
   640 | D        | Reached XP level 10. HP: 93/116 MP: 9/9
   655 | D        | Noticed a black mamba
   655 | D        | Noticed a cane toad
   655 | D        | Noticed a cane toad
   655 | D        | Noticed a black mamba
   661 | D        | Killed a black mamba
   662 | D        | Reached skill level 20 in Fighting
   667 | D        | Reached skill level 1 in Invocations
   668 | D        | Noticed a cane toad
   678 | D        | Killed a cane toad
   683 | D        | Killed a cane toad
   695 | D        | Killed a black mamba
   698 | D        | Reached skill level 5 in Invocations
   701 | D        | Killed a cane toad
   702 | D        | Reached skill level 21 in Fighting
   887 | D        | Noticed a lindwurm
   893 | D        | Killed a lindwurm
   899 | D        | HP: 6/121 [tyrant leech (17)]
   905 | D        | Reached XP level 11. HP: 29/127 MP: 10/15
  1171 | D        | Noticed Erolcha
  1182 | D        | Killed Erolcha
  1302 | D        | Noticed Josephine
  1310 | D        | Killed Josephine
  1330 | D        | Noticed Eustachio
  1336 | D        | Killed Eustachio
  1337 | D        | Reached skill level 22 in Fighting
  1454 | D        | Noticed an orc sorcerer
  1454 | D        | Noticed an orc sorcerer
  1455 | D        | Killed an orc sorcerer
  1456 | D        | Noticed an orc knight
  1462 | D        | Killed an orc sorcerer
  1464 | D        | Noticed an orc sorcerer
  1469 | D        | Noticed an orc knight
  1473 | D        | Killed an orc knight
  1477 | D        | Killed an orc sorcerer
  1478 | D        | Noticed an orc high priest
  1485 | D        | Killed an orc knight
  1489 | D        | Reached skill level 10 in Invocations
  1499 | D        | Killed an orc high priest
  1614 | D        | Found Onnoschu's Weapon Emporium.
  1614 | D        | Noticed an orc sorcerer
  1614 | D        | Noticed an orc sorcerer
  1616 | D        | Noticed an orc sorcerer
  1621 | D        | Found Rupsodis's Armour Shoppe.
  1623 | D        | Killed an orc sorcerer
  1624 | D        | Reached skill level 23 in Fighting
  1624 | D        | Killed an orc sorcerer
  1627 | D        | Found Novaomic's Antique Armour Emporium.
  1631 | D        | Killed an orc sorcerer
  1631 | D        | Noticed an orc sorcerer
  1637 | D        | Found Soupt's Assorted Antiques.
  1638 | D        | Noticed an orc sorcerer
  1639 | D        | Paralysed by an orc sorcerer for 2 turns
  1642 | D        | Killed an orc sorcerer
  1644 | D        | Noticed a soul eater
  1648 | D        | Noticed an orc sorcerer
  1650 | D        | Killed an orc sorcerer
  1654 | D        | Killed an orc sorcerer
  1655 | D        | Reached XP level 12. HP: 140/141 MP: 19/19
  1755 | D        | Noticed Grum
  1763 | D        | Killed Grum
  1773 | D        | Noticed Urug
  1779 | D        | Killed Urug
  2006 | D        | Bought a +2 plate armour of willpower for 440 gold pieces
  2021 | D        | Bought a pair of runed boots for 142 gold pieces
  2033 | D        | Bought a lumpy brown potion for 17 gold pieces
  2188 | D        | Noticed a seven-headed hydra
  2188 | D        | Noticed a centaur warrior
  2188 | D        | Noticed a fire dragon
  2194 | D        | Killed a seven-headed hydra
  2195 | D        | Reached skill level 1 in Throwing
  2199 | D        | Killed a centaur warrior
  2199 | D        | Noticed an ettin
  2200 | D        | Reached skill level 24 in Fighting
  2204 | D        | Killed a fire dragon
  2205 | D        | Noticed a rakshasa
  2205 | D        | Noticed a stone giant
  2211 | D        | Noticed an ice dragon
  2214 | D        | Killed an ettin
  2215 | D        | Noticed a deep troll earth mage
  2218 | D        | Reached skill level 5 in Throwing
  2218 | D        | Noticed a deep troll earth mage
  2224 | D        | Killed a deep troll earth mage
  2225 | D        | Killed a deep troll earth mage
  2231 | D        | Killed an ice dragon
  2231 | D        | Killed a stone giant
  2234 | D        | Killed a rakshasa
  2532 | D        | Noticed Nessos
  2536 | D        | Killed Nessos
  2537 | D        | Reached skill level 1 in Dodging
  2588 | D        | Noticed a salamander tyrant
  2588 | D        | Noticed a nagaraja
  2588 | D        | Noticed a salamander tyrant
  2589 | D        | Noticed an anaconda
  2599 | D        | Reached skill level 25 in Fighting
  2601 | D        | Reached skill level 5 in Armour
  2601 | D        | Killed a salamander tyrant
  2602 | D        | Reached XP level 13. HP: 151/154 MP: 22/22
  2602 | D        | Killed a nagaraja
  2608 | D        | Reached skill level 5 in Dodging
  2708 | D        | Noticed an emperor scorpion
  2708 | D        | Noticed an emperor scorpion
  2718 | D        | Killed an emperor scorpion
  2724 | D        | Killed an emperor scorpion
  2854 | D        | Noticed a bunyip
  2854 | D        | Noticed an eleionoma
  2859 | D        | Reached skill level 15 in Invocations
  2862 | D        | Killed a bunyip
  2866 | D        | Killed an eleionoma
  2869 | D        | Reached skill level 26 in Fighting
  2884 | D        | Reached skill level 10 in Armour
  3006 | D        | Noticed a merfolk impaler
  3013 | D        | Killed a merfolk impaler
  3170 | D        | Noticed Rupert
  3171 | D        | Noticed Aizul
  3178 | D        | Killed Rupert
  3206 | D        | Killed Aizul
  3207 | D        | Reached skill level 10 in Dodging
  3446 | D        | Noticed Saint Roka
  3457 | D        | Killed Saint Roka
  3458 | D        | Reached XP level 14. HP: 166/166 MP: 25/25
  3530 | D        | Noticed a tengu reaver
  3533 | D        | Noticed a fire giant
  3537 | D        | Noticed a white very ugly thing
  3538 | D        | Noticed a purple very ugly thing
  3539 | D        | Reached skill level 27 in Fighting
  3553 | D        | Killed from afar by a tengu reaver

Illustrated notes

Levels and vault maps discovered:
D:        linesprint [early_d, line_temple, items_1, d_10, items_2, lair_1,
          lair_end, items_3, orc_1, orc_end, items_4, d_15, swamp_1, shoals_1,
          snake_1, spider_1, d_20, vaults_1, items_5, swamp_end, shoals_end,
          snake_end, spider_end, vaults_end, d_27, items_6, zot_1, zot_end,
          crypt_end, forest_end, elf_end, slime_end, tomb_end, abyss_end,
          pan_hell_end]

Skill      XL: |  1  2  3  4  5  6  7  8  9 10 11 12 13 14 |
---------------+-------------------------------------------+-----
Fighting       | 7 8 9 11 13 15 17 19 21 23 25 26 27 | 27.0
Maces & Flails | 6 7 9 11 13 15 17 19 21 23 25 26 | 26.9
Shields        | 4 |  4.0
Invocations    | 6 11 14 16 | 16.8
Throwing       | 6 |  6.9
Armour         | 5 12 | 12.8
Dodging        | 3 10 11 | 11.3

Action                     |  1- 3 |  4- 6 |  7- 9 | 10-12 | 13-15 || total
---------------------------+-------+-------+-------+-------+-------++-------
  Melee: Flail             |    25 |     5 |       |       |       ||    30
         Headbutt          |     5 |     3 |     6 |    65 |    41 ||   120
         Morningstar       |       |    11 |    27 |   202 |       ||   240
         Demon whip        |       |       |       |    58 |   162 ||   220
  Throw: Javelin           |       |       |       |       |     2 ||     2
 Invoke: Line Pass         |       |       |       |     2 |     1 ||     3
         Grand Finale      |       |       |       |       |     2 ||     2
    Use: Potion            |     1 |       |     1 |     2 |     2 ||     6
         Scroll            |       |       |     2 |     2 |       ||     4
   Stab: Paralysed         |       |     1 |     3 |    17 |    19 ||    40
         Confused          |       |       |       |     2 |       ||     2
 Armour: Scale mail        |     4 |       |       |       |       ||     4
         Chain mail        |       |     9 |    11 |    45 |       ||    65
         Plate armour      |       |       |       |    57 |    51 ||   108
  Dodge: Dodged            |     9 |     2 |     7 |    32 |    35 ||    85
  Block: Buckler           |     5 |     3 |     2 |    24 |     8 ||    42

Table legend: (Time is in decaauts)
 A = Elapsed time spent in this place.
 B = Non-inter-level travel time spent in this place.
 C = Inter-level travel time spent in this place.
 D = Time resting spent in this place.
 E = Time spent auto-exploring this place.
 F = Levels seen in this place.
 G = Mean time per level.
                   A        B        C        D        E       F      G
               +--------+--------+--------+--------+--------+-----+--------+
         Total |   3408 |   3210 |    198 |   1915 |      0 |   1 | 3408.0 |
       Dungeon |   3408 |   3210 |    198 |   1915 |      0 |   1 | 3408.0 |
               +--------+--------+--------+--------+--------+-----+--------+

Top non-repeatable levels by time:
       D: 3408 daAuts
